 Seeded DCSS version 0.29-a0-362-g5854e031c7 (webtiles) character file.

Game seed: 16159354105524068321 (custom seed)

59 zeratav the Shooter (level 4, 26/26 HPs)
             Began as a Tengu Hunter on Apr 29, 2022.
             Quit the game on level 2 of the Dungeon.
             The game lasted 00:01:41 (1269 turns).

zeratav the Shooter (Tengu Hunter)                  Turns: 1269, Time: 00:01:42

Health: 26/26      AC:  3    Str: 11    XL:     4   Next: 3%
Magic:  5/5        EV: 12    Int: 10    God:
Gold:   64         SH:  0    Dex: 19    Spells: 3/3 levels left

rFire   . . .      SeeInvis .   a - +1 shortbow {bow}
rCold   . . .      Faith    .   (shield currently unavailable)
rNeg    . . .      Spirit   .   b - +0 leather armour
rPois   +          Reflect  .   (helmet restricted)
rElec   .          Harm     .   (no cloak)
rCorr   .          Rampage  .   (no gloves)
Will    .....                   (boots unavailable)
Stlth   ++........              (no amulet)
HPRegen 0.08/turn               g - ring of poison resistance
MPRegen 0.09/turn               i - +4 ring of slaying

@: no status effects
A: beak, talons 3
a: no special abilities


You were on level 2 of the Dungeon.
You visited 1 branch of the dungeon, and saw 2 of its levels.

You collected 64 gold pieces.


Innate Abilities, Weirdness & Mutations

You have a beak for a mouth.
You have claws for feet.


   Skills:
 - Level 2.0 Fighting
 + Level 6.0 Bows
 - Level 2.1 Dodging
 - Level 1.0 Stealth


You had 3 spell levels left.
You didn't know any spells.
Your spell library was empty.

Inventory:

Hand Weapons
 a - a +1 shortbow (weapon) {bow}
Armour
 b - a +0 leather armour (worn)
 e - a +0 ring mail
   (You found it on level 1 of the Dungeon)
 h - a +0 leather armour
   (You found it on level 1 of the Dungeon)
Jewellery
 g - a ring of poison resistance (left hand)
   (You found it on level 1 of the Dungeon)
 i - a +4 ring of slaying (right hand)
   (You found it on level 1 of the Dungeon)
Scrolls
 c - a scroll of immolation {!r!r}
 k - a scroll of fear {unknown}
 l - 2 scrolls of blinking {unknown}
 m - 2 scrolls of magic mapping {unknown}
 o - 3 scrolls of identify {unknown}
 p - a scroll of amnesia {unknown}
 q - a scroll of acquirement
Potions
 d - a potion of might {unknown}
 f - a potion of curing {unknown}
 j - a potion of cancellation {unknown}
 n - 2 potions of ambrosia {unknown}

Dungeon Overview and Level Annotations

Branches:
Dungeon (2/15)

Altars:

.!..##.##..###.###
...................
############.#......
#............# ##..
##............#######
#...................
#...................
#...........#......
+..@........+......
#...........#......
#...........#......
#...........# .....
#...........#
#........†..#
#############


There were no monsters in sight!


Message History

You see here a ball python corpse.
Things that are here:
a +0 dagger {short}; a goblin corpse You now have 60 gold pieces (gained 16).
l - 2 scrolls labelled RULUOC GEASEAT (gained 1)
p - a scroll labelled MIK KOTAISIUR A quokka comes into view.
Your line of fire to the quokka is blocked by a granite statue.
Continue anyway? [Y]es or [N]o only, please.
Your line of fire to the quokka is blocked by a granite statue.
Continue anyway?
Okay, then.
Found a stone staircase leading up.
Okay, then.
Shoot: a) +1 shortbow {bow}
Press: ? - help, Q - select action Shift-Dir - straight line, f/p - quokka
Aim: a quokka (61% to hit)
You shoot an arrow. The arrow hits the quokka!
You kill the quokka!
You see here a quokka corpse.
Found a stone staircase leading down.
Terence the Incautious comes into view.
He is wielding a +0 short sword.
Shoot: a) +1 shortbow {bow}
Press: ? - help, Q - select action Shift-Dir - straight line, f - Terence
Aim: Terence, wielding a +0 short sword and wearing a +0 chain mail (75% to hit)
You shoot an arrow.
The arrow hits Terence but does no damage.
Shoot: a) +1 shortbow {bow}
Press: ? - help, Q - select action Shift-Dir - straight line, f/p - Terence
Aim: Terence, wielding a +0 short sword and wearing a +0 chain mail (75% to hit)
You shoot an arrow. The arrow hits Terence.
Terence shouts, "Get ready for death!"
Shoot: a) +1 shortbow {bow}
Press: ? - help, Q - select action Shift-Dir - straight line, f/p - Terence
Aim: Terence, wielding a +0 short sword and wearing a +0 chain mail (lightly wounded, 75% to hit)
You shoot an arrow. The arrow hits Terence!
Shoot: a) +1 shortbow {bow}
Press: ? - help, Q - select action Shift-Dir - straight line, f/p - Terence
Aim: Terence, wielding a +0 short sword and wearing a +0 chain mail (severely wounded, 75% to hit)
You shoot an arrow. The arrow hits Terence!
You kill Terence!
Your Bows skill increases to level 6!
Shoot: a) +1 shortbow {bow}
Press: ? - help, Q - select action Shift-Dir - straight line, f - you That would be overly suicidal.
Okay, then.
A rat and a bat come into view.
Shoot: a) +1 shortbow {bow}
Press: ? - help, Q - select action Shift-Dir - straight line, f - bat
Aim: a bat (asleep, 98% to hit)
You shoot an arrow. The arrow hits the bat!
You kill the bat!
You have reached level 4!
You feel clever.
HP[+5] MP[+1]
You now have 26 max hp (+5).
Your hp is fully restored (26).
Your mp is fully restored (5).
Shoot: a) +1 shortbow {bow}
Press: ? - help, Q - select action Shift-Dir - straight line, f - rat
Aim: a rat (70% to hit)
You shoot an arrow. The arrow hits the rat!
You kill the rat!
Shoot: a) +1 shortbow {bow}
Press: ? - help, Q - select action Shift-Dir - straight line, f - you That would be overly suicidal.
Okay, then.
Shoot: a) +1 shortbow {bow}
Press: ? - help, Q - select action Shift-Dir - straight line, f - you That would be overly suicidal.
Okay, then.
Shoot: a) +1 shortbow {bow}
Press: ? - help, Q - select action Shift-Dir - straight line, f - you That would be overly suicidal.
Okay, then.
There is a stone staircase leading down here.
m - 2 scrolls labelled ROHOGH XUJYG (gained 1)
You now have 64 gold pieces (gained 4).
A bat comes into view.
The bat hits you but does no damage. x2
Shoot: a) +1 shortbow {bow}
Press: ? - help, Q - select action Shift-Dir - straight line, f - bat
Aim: a bat (59% to hit)
You shoot an arrow. The arrow hits the bat!
You kill the bat!
Shoot: a) +1 shortbow {bow}
Press: ? - help, Q - select action Shift-Dir - straight line, f - you
Okay, then.
A rat comes into view.
Shoot: a) +1 shortbow {bow}
Press: ? - help, Q - select action Shift-Dir - straight line, f - rat
Aim: a rat (asleep, 98% to hit)
You shoot an arrow. The arrow hits the rat!
You kill the rat!
Shoot: a) +1 shortbow {bow}
Press: ? - help, Q - select action Shift-Dir - straight line, f - you That would be overly suicidal.
Okay, then.
o - 3 scrolls labelled LOQAWN XUDAMO (gained 1)
q - a scroll labelled HUCVORR PIDD This is a scroll of acquirement!
Are you sure you want to abandon this character and quit the game? (Confirm with "yes".)

Skill      XL: |  1  2  3 |
---------------+----------+-----
Bows           | 5 6 |  6.0
Fighting       | |  2.0
Dodging        | |  2.1
Stealth        | |  1.0

Action                   |  1- 3 |  4- 6 || total
-------------------------+-------+-------++-------
 Fire: Shortbow          |    50 |     3 ||    53
Armor: Leather armour    |     3 |     2 ||     5
Dodge: Dodged            |     4 |       ||     4

Levels and vault maps discovered:
D:1:      lightli_arrival_maybe_door_vault, layout_basic,
          chequers_ecumenical_altar_simple_redux
D:2:      layout_basic, grunt_ministairs_13, roderic_nine_men_s_morris,
          uniq_terence

Notes
Turn   | Place    | Note
-------+----------+-------------------------------------------
     0 | D:1      | zeratav the Tengu Hunter began the quest for the Orb.
     0 | D:1      | Reached XP level 1. HP: 12/12 MP: 2/2
     0 | D:1      | magus.rc [v1.9.6]
   158 | D:1      | Found a faded altar of an unknown god.
   181 | D:1      | Reached XP level 2. HP: 9/17 MP: 3/3
   460 | D:1      | Reached skill level 5 in Bows
  1047 | D:1      | Reached XP level 3. HP: 21/21 MP: 4/4
  1222 | D:2      | Noticed Terence
  1226 | D:2      | Killed Terence
  1227 | D:2      | Reached skill level 6 in Bows
  1231 | D:2      | Reached XP level 4. HP: 26/26 MP: 5/5
  1269 | D:2      | Identified a scroll of acquirement
  1269 | D:2      | Quit the game

Vanquished Creatures
  Terence (D:2)
  3 dart slugs (D:1)
  An endoplasm (D:1)
  6 goblins
  2 hobgoblins (D:1)
  A quokka (D:2)
  2 ball pythons
  3 bats
  3 kobolds
  7 rats
29 creatures vanquished.

Table legend:
 A = Non-vault XP
 B = Vault XP
 C = Vault XP percentage of total XP
 D = Non-vault monster count
 E = Vault monster count
 F = Vault count percentage of total count
                 A         B        C        D         E       F
            +---------+---------+-------+---------+---------+-------
      Total |      47 |      38 |  44.7 |      26 |       3 |  10.3
            +---------+---------+-------+---------+---------+-------
        D:1 |      35 |       0 |   0.0 |      18 |       0 |   0.0
        D:2 |      12 |      38 |  76.0 |       8 |       3 |  27.3
            +---------+---------+-------+---------+---------+-------

Illustrated notes

Table legend:
 A = Kills in this place as a percentage of kills in entire the game.
 B = Kills by you in this place as a percentage of kills by you in the entire game.
 C = Kills by friends in this place as a percentage of kills by friends in the entire game.
 D = Other kills in this place as a percentage of other kills in the entire game.
 E = Experience gained in this place as a percentage of experience gained in the entire game.
 F = Experience gained in this place divided by the number of levels of this place that you have seen.
                   A       B       C       D       E      F
               +-------+-------+-------+-------+-------+----------------------
         Total | 100.0 | 100.0 |   N/A |   N/A | 100.0 |  42.5
       Dungeon | 100.0 | 100.0 |   N/A |   N/A | 100.0 |  42.5
               +-------+-------+-------+-------+-------+----------------------

Table legend: (Time is in decaauts)
 A = Elapsed time spent in this place.
 B = Non-inter-level travel time spent in this place.
 C = Inter-level travel time spent in this place.
 D = Time resting spent in this place.
 E = Time spent auto-exploring this place.
 F = Levels seen in this place.
 G = Mean time per level.
                   A        B        C        D        E       F      G
               +--------+--------+--------+--------+--------+-----+--------+
         Total |   1283 |   1268 |     15 |      0 |   1114 |   2 |  641.5 |
       Dungeon |   1283 |   1268 |     15 |      0 |   1114 |   2 |  641.5 |
               +--------+--------+--------+--------+--------+-----+--------+

Top non-repeatable levels by time:
     D:1: 1163 daAuts
     D:2: 119 daAuts
